 Dungeon Crawl Stone Soup version 0.28-a0-1038-g9c4cb8273d (webtiles) character file.

Game seed: 3975037191150646719

23 garbled the Grave Robber (level 3, -3/18 HPs)
             Began as a Vine Stalker Necromancer on Dec 8, 2021.
             Frozen to death by an endoplasm (4 damage)
             ... on level 2 of the Dungeon.
             The game lasted 00:04:34 (1560 turns).

garbled the Grave Robber (Vine Stalker Necromancer) Turns: 1560, Time: 00:04:34

Health: -3/18      AC:  2    Str: 10    XL:     3   Next: 0%
Magic:  0/8        EV:  9    Int: 17    God:
Gold:   85         SH:  0    Dex: 14    Spells: 5/7 levels left

rFire   . . .      SeeInvis .   e - +0 short sword
rCold   . . .      Faith    .   (no shield)
rNeg    . . .      Spirit   +   a - +0 robe
rPois   .          Reflect  .   (no helmet)
rElec   .          Harm     .   (no cloak)
rCorr   .          Rampage  .   (no gloves)
Will    .....                   (no boots)
Stlth   ++........              (no amulet)
HPRegen 0.06/turn               (no ring)
MPRegen 0.11/turn               (no ring)

@: lethally poisoned (-3 -> -5), constricted
A: fangs 2, magic shield, antimagic bite, no potion heal 2
a: no special abilities


You were on level 2 of the Dungeon.
You visited 1 branch of the dungeon, and saw 2 of its levels.

You collected 85 gold pieces.

Inventory:

Hand Weapons
 b - a +0 whip
 d - a +0 hunting sling
 e - a +0 short sword (weapon)
Missiles
 c - 36 stones
Armour
 a - a +0 robe (worn)
Potions
 f - a potion of cancellation {unknown}


   Skills:
 + Level 1.1 Fighting
 - Level 1.5 Dodging
 - Level 2.4 Stealth
 + Level 2.6 Spellcasting
 + Level 4.3 Necromancy


You had 5 spell levels left.
You knew the following spells:

 Your Spells              Type           Power      Damage    Failure   Level
a - Pain                  Necr           64%        1d7       3%          1
b - Animate Skeleton      Necr           32%        N/A       3%          1

Your spell library contained the following spells:

 Spells                   Type           Power      Damage    Failure   Level
 Vampiric Draining        Necr           16%        2d7       10%         3
 Animate Dead             Necr           8%         N/A       30%         4
 Agony                    Necr           16%        N/A       65%         5


Dungeon Overview and Level Annotations

Branches:
Dungeon (2/15)

Altars:


Innate Abilities, Weirdness & Mutations

You have extremely sharp teeth.
When hurt, damage is shared between your health and your magic reserves.
Your bite disrupts and absorbs the magic of your enemies.
Potions cannot restore your health.


Message History

You barely miss the adder.
The adder is almost dead.
The adder bites you.
You are poisoned.
The adder poisons you! The ball python closely misses you.
The ball python constricts you.
You closely miss the adder. Your bite misses the adder.
The adder is almost dead.
You feel sick. The adder closely misses you. The hobgoblin hits you.
The ball python bites you. The ball python constricts you.
The adder bites you but does no damage.
You miss the adder. Your bite misses the adder.
The adder is almost dead.
You feel sick. The ball python barely misses you.
The ball python constricts you. The hobgoblin closely misses you.
The adder bites you.
The ball python bites you but does no damage.
The ball python constricts you.
A kobold comes into view. It is wielding a +0 short sword.
The hobgoblin barely misses you.
You miss the adder. Your bite misses the adder.
The adder is almost dead.
You feel sick. The adder closely misses you. The ball python bites you.
* * * LOW HITPOINT WARNING * * *
The ball python constricts you. The hobgoblin closely misses you.
The endoplasm freezes you.
You are frozen.
* * * LOW HITPOINT WARNING * * *
The adder closely misses you.
You miss the adder.
The adder is almost dead.
* * * LOW HITPOINT WARNING * * *
You feel sick. The ball python bites you.
* * * LOW HITPOINT WARNING * * *
The ball python constricts you. The adder bites you.
* * * LOW HITPOINT WARNING * * *
The hobgoblin barely misses you. The endoplasm freezes you.
You are frozen.
You die...

#. ... #.# .K.
#.# #.#
#######.########
......JgSK......
######@##.#####
#S# # .S. #####


You could see an adder, an endoplasm, a hobgoblin, 2 ball pythons and 2 kobolds.

Vanquished Creatures
  2 ball pythons (D:1)
  3 bats (D:1)
  3 endoplasms (D:1)
  A giant cockroach (D:1)
  A goblin (D:1)
  A hobgoblin (D:1)
  2 quokkas (D:1)
  2 frilled lizards (D:1)
  2 kobolds (D:1)
  2 rats (D:1)
19 creatures vanquished.

Vanquished Creatures (collateral kills)
  A kobold (D:1)
  A rat (D:1)
2 creatures vanquished.

Grand Total: 21 creatures vanquished

Notes
Turn   | Place    | Note
-------+----------+-------------------------------------------
     0 | D:1      | garbled the Vine Stalker Necromancer began the quest for
                  | the Orb.
     0 | D:1      | Reached XP level 1. HP: 9/9 MP: 4/4
     2 | D:1      | Learned a level 1 spell: Animate Skeleton
   209 | D:1      | Reached XP level 2. HP: 6/14 MP: 1/6
   933 | D:1      | Reached skill level 1 in Fighting
  1321 | D:1      | Reached XP level 3. HP: 18/18 MP: 8/8
  1560 | D:2      | Frozen to death by an endoplasm

Illustrated notes

Levels and vault maps discovered:
D:1:      dpeg_arrival_long_road, layout_loops_cross
D:2:      layout_basic

Skill      XL: |  1  2 |
---------------+-------+-----
Fighting       | 1 |  1.1
Dodging        | |  1.5
Stealth        | |  2.4
Spellcasting   | |  2.6
Necromancy     | |  4.3

Action                   || total
-------------------------++-------
Melee: Unarmed           ||    11
       Short sword       ||    30
       Bite              ||    10
       Whip              ||     6
 Cast: Pain              ||    14
       Animate Skeleton  ||     7
  Use: Scroll            ||     1
 Stab: Sleeping          ||     3
Armor: Robe              ||    12
Dodge: Dodged            ||    43

Table legend: (Time is in decaauts)
 A = Elapsed time spent in this place.
 B = Non-inter-level travel time spent in this place.
 C = Inter-level travel time spent in this place.
 D = Time resting spent in this place.
 E = Time spent auto-exploring this place.
 F = Levels seen in this place.
 G = Mean time per level.
                   A        B        C        D        E       F      G
               +--------+--------+--------+--------+--------+-----+--------+
         Total |   1562 |   1539 |     23 |    231 |    976 |   2 |  781.0 |
       Dungeon |   1562 |   1539 |     23 |    231 |    976 |   2 |  781.0 |
               +--------+--------+--------+--------+--------+-----+--------+

Top non-repeatable levels by time:
     D:1: 1550 daAuts
     D:2: 11 daAuts
